 Dungeon Crawl Stone Soup version 0.21.1-1-g345015f (webtiles) character file.

754 empire the Slasher (level 7, 0/57 HPs)
             Began as a Minotaur Fighter on May 29, 2018.
             Was a Believer of Cheibriados.
             Slain by Prince Ribbit (14 damage)
             ... on level 5 of the Dungeon.
             The game lasted 00:07:14 (3332 turns).

empire the Slasher (Minotaur Fighter)               Turns: 3332, Time: 00:07:15

Health: 0/57       AC:  7    Str: 26    XL:     7   Next: 49%
Magic:  6/6        EV: 10    Int: 10    God:    Cheibriados [**....]
Gold:   205        SH:  0    Dex: 16    Spells: 6/6 levels left

rFire    . . .     SeeInvis .   b - +0 great sword
rCold    + . .     Gourm    .   (shield currently unavailable)
rNeg     . . .     Faith    .   u - +0 scale mail
rPois    .         Spirit   .   (helmet restricted)
rElec    .         Reflect  .   (no cloak)
rCorr    .         Harm     .   (no gloves)
MR       .....                  (no boots)
Stlth    ..........             (no amulet)
HPRegen  0.19/turn              s - ring of protection from cold
MPRegen  0.10/turn              (no ring)

@: very slow
A: retaliatory headbutt, horns 2
a: Bend Time, Renounce Religion


You were on level 5 of the Dungeon.
You worshipped Cheibriados.
Cheibriados was pleased with you.
You were not hungry.

You visited 1 branch of the dungeon, and saw 5 of its levels.

You collected 205 gold pieces.

Inventory:

Hand Weapons
 a - a +0 long sword
 b - a +0 great sword (weapon)
 d - a +0 whip of freezing
Missiles
 n - 2 javelins (quivered)
Armour
 c - a +0 shield
 u - a +0 scale mail (worn)
 y - a +0 leather armour of cold resistance
 A - a +2 robe of positive energy
Jewellery
 s - a ring of protection from cold (left hand)
Wands
 t - a wand of acid (13)
Scrolls
 h - 3 scrolls of identify {unknown}
 i - a scroll of teleportation {unknown}
 l - 2 scrolls of enchant armour {unknown}
 p - 4 scrolls of remove curse {unknown}
 q - 2 scrolls of fear {unknown}
 r - a scroll of random uselessness {unknown}
 v - 3 scrolls of magic mapping {unknown}
 w - a scroll of blinking {unknown}
 z - a scroll of immolation {unknown}
Potions
 e - 3 potions of curing
 g - a potion of lignification {unknown}
 k - 2 potions of degeneration {unknown}
 m - a potion of agility {unknown}
 o - 2 potions of heal wounds {unknown}
 x - 3 potions of ambrosia {unknown}
 B - 2 potions of brilliance {unknown}
Books
 j - a book of Conjurations

   Spells                             Type                      Level
   a - Magic Dart                     Conjuration                  1
   b - Searing Ray                    Conjuration                  2
   c - Dazzling Spray                 Conjuration/Hexes            3
   d - Fulminant Prism                Conjuration/Hexes            4
   e - Force Lance                    Conjuration/Translocation    4
   f - Iskenderun's Mystic Blast      Conjuration                  4
Comestibles
 f - 6 rations


   Skills:
 - Level 3.6 Fighting
 * Level 7.6 Long Blades
 + Level 3.7 Throwing
 + Level 6.1 Armour
 - Level 3.6 Shields


You had 6 spell levels left.
You didn't know any spells.

Dungeon Overview and Level Annotations

Branches:
Dungeon (5/15)
 Temple: D:4-7

Altars:
Ashenzari
Cheibriados
Dithmenos
Gozag
Kikubaaqudgha
Qazlal
Trog

Annotations:
D:5 Prince Ribbit


Innate Abilities, Weirdness & Mutations

You reflexively headbutt those who attack you in melee.
You have a pair of horns on your head.


Message History

You swap places.
Things that are here:
an animal skin; a human corpse
Things that are here:
an animal skin; a human corpse You feel a little less mighty now.
Found 10 arrows.
You see here 10 arrows.
Prince Ribbit comes into view.
Prince Ribbit croaks.
Prince Ribbit blinks!
Prince Ribbit closely misses you. Prince Ribbit hits you!
* * * LOW HITPOINT WARNING * * *
A crimson imp comes into view.
You miss Prince Ribbit.
The crimson imp shouts!
Your headbutt misses Prince Ribbit. Prince Ribbit hits you!
* * * LOW HITPOINT WARNING * * *
It was a potion of curing.
You feel better. Prince Ribbit hits you!
You die...

...... .. .....## #.
.....##.# .....#.##
....... ....# ##
##...# ... ##....#
... #.@#..## #.# ..
# #.....F###..###.#
.# # #.5...#
##.##..###.# ##
..###. ###.....##..
#. . #
..#....###.#.# ##.
.........###..###..
.....###...##.......
..... ###.......####
...# #......##.# ##


You could see Prince Ribbit and a crimson imp.

Vanquished Creatures
  Pikel (D:5)
  A slave (D:5)
  3 orc wizards
  3 hounds (D:4)
  6 adders
  An adder skeleton (D:4)
  3 worms
  A dart slug (D:1)
  3 leopard geckos
  11 orcs
  2 giant cockroaches
  7 goblins
  9 hobgoblins
  6 kobolds
  2 quokkas
  8 bats
  12 frilled lizards
  A quokka skeleton (D:4)
  14 rats
94 creatures vanquished.

Notes
Turn   | Place    | Note
-------+----------+-------------------------------------------
     0 | D:1      | empire the Minotaur Fighter began the quest for the Orb.
     0 | D:1      | Reached XP level 1. HP: 19/19 MP: 0/0
   133 | D:1      | Reached skill level 3 in Long Blades
   136 | D:1      | Reached XP level 2. HP: 10/26 MP: 1/1
  1070 | D:2      | Reached XP level 3. HP: 23/31 MP: 2/2
  1132 | D:2      | Reached skill level 4 in Long Blades
  1292 | D:2      | Reached skill level 1 in Throwing
  1370 | D:2      | Found a snail-covered altar of Cheibriados.
  1380 | D:2      | Became a worshipper of Cheibriados the Contemplative
  1496 | D:2      | Found an opulent altar of Gozag.
  1504 | D:2      | Reached XP level 4. HP: 39/39 MP: 3/3
  2078 | D:3      | Reached * piety under Cheibriados
  2181 | D:3      | Reached skill level 5 in Long Blades
  2197 | D:3      | Reached XP level 5. HP: 41/45 MP: 4/4
  2464 | D:4      | Found an ancient bone altar of Kikubaaqudgha.
  2471 | D:4      | Found a shadowy altar of Dithmenos.
  2491 | D:4      | Found a shattered altar of Ashenzari.
  2501 | D:4      | Found a stormy altar of Qazlal.
  2550 | D:4      | Noticed a moth of wrath
  2553 | D:4      | Found a bloodstained altar of Trog.
  2559 | D:4      | Reached ** piety under Cheibriados
  2656 | D:4      | Reached skill level 5 in Armour
  2716 | D:4      | Reached XP level 6. HP: 48/51 MP: 5/5
  2959 | D:4      | Reached skill level 6 in Long Blades
  3246 | D:5      | Entered Level 5 of the Dungeon
  3246 | D:5      | Noticed a slave
  3249 | D:5      | Noticed a slave
  3249 | D:5      | Killed a slave
  3250 | D:5      | Noticed Pikel
  3252 | D:5      | Noticed a slave
  3257 | D:5      | Noticed a slave
  3264 | D:5      | Killed Pikel
  3264 | D:5      | Reached skill level 7 in Long Blades
  3264 | D:5      | Reached XP level 7. HP: 14/57 MP: 6/6
  3329 | D:5      | Noticed Prince Ribbit
  3332 | D:5      | Slain by Prince Ribbit

Skill      XL: |  1  2  3  4  5  6 |
---------------+-------------------+-----
Long Blades    | 3 4 5 7 |  7.6
Armour         | 4 5 6 |  6.1
Throwing       | 1 2 3 |  3.7
Fighting       | |  3.6
Shields        | |  3.6

Action                   |  1- 3 |  4- 6 |  7- 9 || total
-------------------------+-------+-------+-------++-------
Melee: Long sword        |   116 |    47 |       ||   163
       Headbutt          |    12 |    19 |       ||    31
       Great sword       |       |    67 |     1 ||    68
  Use: Potion            |       |     1 |     1 ||     2
  Eat: Chunk             |     2 |     4 |       ||     6
Armor: Scale mail        |    75 |    59 |       ||   134
Dodge: Dodged            |    46 |    59 |     1 ||   106
Block: Shield            |    85 |    29 |       ||   114
       Rpst.: Long sword |    10 |       |       ||    10
       Great sword       |       |    13 |       ||    13
